 Dungeon Crawl Stone Soup version 0.30-a0-55-g90e3122c3a (webtiles) character file.

Game seed: 16923513045064825127

484 AarnesTheHuman the Cudgeller (level 7, -1/66 HPs)
             Began as an Ogre Gladiator on Sept 9, 2022.
             Slain by an ogre
             ... wielding a +0 giant club
              (10 damage)
             ... on level 4 of the Dungeon.
             The game lasted 00:10:27 (5037 turns).

AarnesTheHuman the Cudgeller (Ogre Gladiator)       Turns: 5037, Time: 00:10:28

Health: -1/66      AC:  3    Str: 21    XL:     7   Next: 12%
Magic:  7/7        EV: 10    Int:  9    God:
Gold:   208        SH:  0    Dex: 10    Spells: 6/6 levels left

rFire   . . .      SeeInvis .    a - +1 whip (elec)
rCold   . . .      Faith    .    (no shield)
rNeg    . . .      Spirit   .    b - +0 robe
rPois   .          Reflect  .    c - +0 hat
rElec   .          Harm     .    (no cloak)
rCorr   .          Rampage  .    (gloves unavailable)
Will    .....                    (boots unavailable)
Stlth   +.........               (no amulet)
HPRegen 0.21/turn                (no ring)
MPRegen 0.10/turn                (no ring)

@: no status effects
A: large, unfitting armour, tough skin 1
a: no special abilities


You were on level 4 of the Dungeon.
You visited 1 branch of the dungeon, and saw 4 of its levels.

You collected 208 gold pieces.

Inventory:

Hand Weapons
 a - a +1 whip of electrocution (weapon)
 m - a +0 flail
 y - a +0 sling
 A - a +0 dagger
Missiles
 d - 4 throwing nets
 e - a large rock
 g - a curare-tipped dart
 i - 28 stones
 l - 4 poisoned darts
 D - 2 boomerangs (quivered)
Armour
 b - a +0 robe (worn)
 c - a +0 hat (worn)
Magical Staves
 o - a staff of poison
Wands
 x - a wand of flame (24)
Scrolls
 h - a scroll of amnesia {unknown}
 t - 2 scrolls of fog
 w - a scroll of teleportation
 E - a scroll of enchant armour
Potions
 f - a potion of heal wounds {unknown}
 j - a potion of resistance {unknown}
 k - a potion of ambrosia {unknown}
 n - 3 potions of haste
 p - 2 potions of curing {unknown}
 r - a potion of flight {unknown}
 s - 2 potions of mutation {unknown}
 u - a potion of brilliance {unknown}
 v - a potion of invisibility {unknown}
 z - a potion of cancellation {unknown}
 B - 2 potions of might {unknown}
 C - a potion of degeneration {unknown}
 F - a potion of lignification {unknown}


   Skills:
 - Level 2.6 Fighting
 + Level 5.5 Maces & Flails
 - Level 5.2 Throwing
 - Level 2.6 Dodging


You had 6 spell levels left.
You didn't know any spells.
Your spell library contained the following spells:

 Spells                   Type           Power      Damage    Failure   Level
 Ignite Poison            Fire/Tmut/Pois 0%         N/A       77%         3
 Mephitic Cloud           Conj/Pois/Air  0%         N/A       77%         3
 Summon Lightning Spire   Summ/Air       0%         N/A       99%         4
 Freezing Cloud           Conj/Ice/Air   0%         6-21      100%        5
 Storm Form               Tmut/Air       0%         N/A       100%        7
 Maxwell's Capacitive Co  Air            0%         ∞         100%        8


Dungeon Overview and Level Annotations

Branches:
Dungeon (4/15)
 Temple: D:4-7

Altars:
Fedhas
Xom
Yredelemnul

Annotations:
D:3 1 runed translucent door, exclusion: downstairs


Innate Abilities, Weirdness & Mutations

You are too large for most types of armour.
You have tough skin. (AC +1)


Message History

You kill the orc!
There is an open door here.
Things that are here:
a +0 dagger; a +0 robe; an orc corpse
i - 28 stones (gained 2)
Items here: )) [[ ÷.
There is an open door here.
Things that are here:
a +0 dagger; a +0 robe; an orc corpse
There is an open door here.
l - 5 poisoned darts (gained 1)
An ogre comes into view. It is wielding a +0 giant club.
The ogre shouts!
You hear a shout! x2
Throw: 3 darts (curare)
Press: ? - help, Shift-Dir - straight line, f - ogre
Aim: an ogre, wielding a +0 giant club (74% to hit)
You throw a curare-tipped dart.
The curare-tipped dart barely misses the ogre.
Throw: 2 darts (curare)
Press: ? - help, Shift-Dir - straight line, f/p - ogre
Aim: an ogre, wielding a +0 giant club (74% to hit)
You throw a curare-tipped dart.
The curare-tipped dart barely misses the ogre.
Throw: 5 darts (poison)
Press: ? - help, Shift-Dir - straight line, f/p - ogre
Aim: an ogre, wielding a +0 giant club (74% to hit)
You throw a poisoned dart. The poisoned dart hits the ogre!
The ogre is poisoned.
The ogre hits you with a +0 giant club!
Unknown command.
The ogre hits you with a +0 giant club!!
The ogre attacks as you move away!
The ogre hits you with a +0 giant club!!
* * * LOW HITPOINT WARNING * * *
You close the door.
You open the door. The ogre hits you with a +0 giant club!
* * * LOW HITPOINT WARNING * * *
There is an open door here.
The ogre attacks as you move away! The ogre hits you with a +0 giant club!
You die...

#.).....#(......... ..
#.......#...###..# ...
#.......#...###..##...
########.......#.............
#..............#.............
#..............#........##..#
#..............#........##..#
#..............###'###..##..#
#.......####@O.......#..##..#
#......h#..#....[....#......#
#.......+..#......[..#..##..#
#.......#..#.........#..##..#
#.......#..#.........'.......
#......)'h.#.........#####...
#.......##'#.............#...
#.......#..##########....#..#
#.......#..h........#....#..#


You could see an ogre (poisoned).

Vanquished Creatures
  A black bear (D:4)
  A human zombie (D:3)
  An orc priest (D:3)
  Jessica (D:3)
  Natasha (thrice) (D:2 D:1)
  4 orc wizards (D:4)
  Terence (D:3)
  Robin (D:2)
  An adder (D:4)
  14 orcs
  6 endoplasms
  4 giant cockroaches
  15 goblins
  5 hobgoblins
  6 jackals (D:1)
  4 quokkas
  4 ball pythons
  8 bats
  3 frilled lizards
  A kobold (D:4)
  5 rats
89 creatures vanquished.

Vanquished Creatures (others)
  2 fungi (D:4)
2 creatures vanquished.

Grand Total: 91 creatures vanquished

Notes
Turn   | Place    | Note
-------+----------+-------------------------------------------
     0 | D:1      | AarnesTheHuman the Ogre Gladiator began the quest for the
                  | Orb.
     0 | D:1      | Reached XP level 1. HP: 22/22 MP: 1/1
   188 | D:1      | Reached XP level 2. HP: 28/29 MP: 2/2
   841 | D:2      | Noticed Natasha
   845 | D:2      | Killed Natasha
   846 | D:2      | Reached XP level 3. HP: 24/36 MP: 3/3
   893 | D:2      | Noticed Natasha
  1261 | D:2      | Noticed Robin
  1309 | D:1      | Killed Natasha
  1310 | D:1      | Reached XP level 4. HP: 37/44 MP: 4/4
  1500 | D:1      | Noticed Natasha
  1509 | D:1      | Killed Natasha
  2237 | D:1      | Reached skill level 5 in Throwing
  2266 | D:1      | Reached XP level 5. HP: 46/50 MP: 5/5
  2449 | D:2      | Killed Robin
  2665 | D:3      | Noticed Jessica
  2679 | D:3      | Killed Jessica
  3085 | D:3      | Noticed Terence
  3093 | D:3      | Killed Terence
  3094 | D:3      | Reached XP level 6. HP: 59/59 MP: 6/6
  3371 | D:3      | Found a blossoming altar of Fedhas.
  3512 | D:3      | Found a shimmering altar of Xom.
  3592 | D:3      | Noticed a human
  3594 | D:3      | Found a runed translucent door.
  3599 | D:3      | Found a basalt altar of Yredelemnul.
  4103 | D:4      | Noticed a black bear
  4541 | D:4      | HP: 1/59 [orc/+0 hand axe (4)]
  4942 | D:4      | Noticed a black bear
  4953 | D:4      | Killed a black bear
  4954 | D:4      | Reached skill level 5 in Maces & Flails
  4954 | D:4      | Reached XP level 7. HP: 66/66 MP: 7/7
  5037 | D:4      | Slain by an ogre

Illustrated notes

Levels and vault maps discovered:
D:1:      eino_arrival_water_cross, layout_loops_ring, serial_forest,
          infiniplex_forest_clump_tiny, infiniplex_forest_lined_corner,
          infiniplex_forest_clump_C, infiniplex_forest_corner_1,
          infiniplex_forest_3_way, infiniplex_forest_clump_double
D:2:      layout_basic, uniq_natasha, uniq_robin
D:3:      layout_basic, dk_yredelemnul_ordeal,
          mainiacjoe_overflow_large_starburst, kennysheep_small_spiral,
          chequers_mini_garden, chequers_serial_rivers_micro_a,
          interstate_on_off, kennysheep_generic_room_9, uniq_jessica,
          uniq_terence
D:4:      layout_gridville, mainiacjoe_overflow_boulevard, uniq_eustachio

Skill      XL: |  1  2  3  4  5  6 |
---------------+-------------------+-----
Throwing       | 3 4 5 |  5.2
Maces & Flails | 3 5 |  5.5
Fighting       | |  2.6
Dodging        | |  2.6

Action                   |  1- 3 |  4- 6 |  7- 9 || total
-------------------------+-------+-------+-------++-------
Melee: Flail             |    41 |       |       ||    41
       Whip              |    31 |   187 |     1 ||   219
       Punch             |     1 |       |       ||     1
Throw: Dart              |     1 |    10 |     3 ||    14
       Stone             |     1 |     1 |       ||     2
       Boomerang         |       |     4 |     3 ||     7
  Use: Scroll            |       |     6 |       ||     6
Armor: Robe              |    32 |    60 |       ||    92
Dodge: Dodged            |    54 |    94 |       ||   148

Table legend: (Time is in decaauts)
 A = Elapsed time spent in this place.
 B = Non-inter-level travel time spent in this place.
 C = Inter-level travel time spent in this place.
 D = Time resting spent in this place.
 E = Time spent auto-exploring this place.
 F = Levels seen in this place.
 G = Mean time per level.
                   A        B        C        D        E       F      G
               +--------+--------+--------+--------+--------+-----+--------+
         Total |   5031 |   4831 |    200 |    967 |   3040 |   4 | 1257.8 |
       Dungeon |   5031 |   4831 |    200 |    967 |   3040 |   4 | 1257.8 |
               +--------+--------+--------+--------+--------+-----+--------+

Top non-repeatable levels by time:
     D:3: 1776 daAuts
     D:1: 1462 daAuts
     D:2: 1138 daAuts
     D:4: 653 daAuts
